 Dungeon Crawl Stone Soup version 0.24.0-125-gc4c63601f3 (webtiles) character file.

Game seed: 15023207173465459872, levelgen mode: deterministic

1752 Mrkan the Poker (level 8, -5/70 HPs)
             Began as a Yellow Draconian Gladiator on Feb 23, 2020.
             Was a Priest of Uskayaw.
             Slain by an orc warrior
             ... wielding a +0 short sword
              (8 damage)
             ... on level 7 of the Dungeon.
             The game lasted 00:11:27 (7398 turns).

Mrkan the Poker (Yellow Draconian Gladiator)        Turns: 7398, Time: 00:11:28

Health: -5/70      AC:  6    Str: 19    XL:     8   Next: 78%
Magic:  8/11       EV: 14    Int:  9    God:    Uskayaw [***...]
Gold:   364        SH:  8    Dex: 12    Spells: 7/7 levels left

rFire    . . .     SeeInvis .   a - +1 trident
rCold    . . .     Gourm    .   E - +0 shield
rNeg     . . .     Faith    .   (armour unavailable)
rPois    +         Spirit   .   b - +0 hat
rElec    .         Reflect  .   r - scarf {repulsion}
rCorr    +         Harm     .   (no gloves)
MR       .....                  (no boots)
Stlth    +.........             A - amulet of rage
HPRegen  0.21/turn              t - +2 ring of evasion
MPRegen  0.12/turn              D - ring of poison resistance

@: repel missiles
A: spit acid, unfitting armour, cold-blooded, acid resistance, AC +6
a: Breathe Acid, Stomp, Line Pass, Renounce Religion, Evoke Berserk Rage


You were on level 7 of the Dungeon.
You worshipped Uskayaw.
Uskayaw was noncommittal.
You were very hungry.

You visited 1 branch of the dungeon, and saw 7 of its levels.

You collected 364 gold pieces.

Inventory:

Hand Weapons
 a - a +1 trident (weapon)
 y - a +4 whip
Missiles
 c - 4 throwing nets (quivered)
 o - 3 javelins
Armour
 b - a +0 hat (worn)
 r - a scarf of repulsion (worn)
 E - a +0 shield (worn)
Jewellery
 t - a +2 ring of evasion (left hand)
 A - an amulet of rage (around neck)
 D - a ring of poison resistance (right hand)
Wands
 l - a wand of flame (21)
Scrolls
 g - 2 scrolls of enchant weapon
 n - 3 scrolls of teleportation
 p - a scroll of remove curse
 u - 3 scrolls of amnesia
Potions
 h - 3 potions of haste
 j - a potion of degeneration
 k - 2 potions of berserk rage
 m - 2 potions of curing
 q - a potion of brilliance
 B - a potion of agility
 C - 2 potions of resistance
 F - 2 potions of flight
 G - a potion of lignification
 H - a potion of cancellation
Comestibles
 d - 11 rations


   Skills:
 + Level 5.9 Fighting
 * Level 7.9 Polearms
 - Level 1.7 Throwing
 + Level 5.3 Dodging
 + Level 2.4 Shields
 + Level 4.0 Invocations


You had 7 spell levels left.
You didn't know any spells.
Your spell library contained the following spells:

 Spells                   Type           Power        Failure   Level  Hunger
 Confusing Touch          Hex            #.....       90%         1    ##.....
 Confuse                  Hex            #.......     99%         3    ####...
 Gell's Gravitas          Tloc           #.........   99%         3    ####...
 Petrify                  Tmut/Erth      #.......     100%        4    #####..
 Metabolic Englaciation   Hex/Ice        #.........   100%        5    ######.
 Yara's Violent Unravell  Hex/Tmut       #.........   100%        5    ######.


Dungeon Overview and Level Annotations

Branches:
Dungeon (7/15)             Temple (0/1) D:4

Altars:
Ashenzari
Kikubaaqudgha
Uskayaw
The Shining One

Annotations:
D:5 1 runed translucent door


Innate Abilities, Weirdness & Mutations

You can spit globs of acid.
Your golden yellow scales are hard. (AC +6)
You cannot fit into any form of body armour.
You are cold-blooded and may be slowed by cold attacks.
You are resistant to acid. (rCorr)


Message History

The orc warrior is heavily wounded.
The orc completely misses you. The orc warrior misses you.
You hit the orc warrior but do no damage.
The orc warrior is heavily wounded.
You block the orc's attack.
The orc warrior hits you but does no damage.
You hit the orc warrior but do no damage.
The orc warrior is heavily wounded.
The orc closely misses you.
The orc warrior hits you with a +0 short sword!
* * * LOW HITPOINT WARNING * * *
You closely miss the orc warrior.
Your tail-slap misses the orc warrior.
The orc warrior is heavily wounded.
The orc closely misses you.
The orc warrior hits you with a +0 short sword!
* * * LOW HITPOINT WARNING * * *
You closely miss the orc warrior.
The orc warrior is heavily wounded.
The orc warrior hits you with a +0 short sword!
You die...

##..... .......
....... ...<..!
....... .......
#####oZ...##
..#########..@o{FS....
.......<....######...#
...########## .


You could see an orc warrior, a water moccasin, a bullfrog, an orc and a centaur
skeleton.

Vanquished Creatures
  Eustachio (D:4)
  Duvessa (D:6)
  A phantom (D:6)
  An ogre (D:4)
  A centaur (D:5)
  A bullfrog (D:6)
  Dowan (D:6)
  3 scorpions
  3 howler monkeys
  2 crimson imps
  A jelly (D:6)
  A quasit (D:6)
  A gnoll shaman (D:5)
  2 hounds (D:6)
  An orc priest (D:5)
  6 orc wizards
  A bullfrog skeleton (D:5)
  5 worker ants
  7 gnolls
  A howler monkey zombie (D:6)
  9 adders
  An adder skeleton (D:5)
  5 worms
  A dart slug (D:4)
  5 leopard geckos
  23 orcs
  3 ball pythons
  17 giant cockroaches
  8 goblins
  9 hobgoblins
  7 quokkas
  2 bats
  4 frilled lizards
  A giant cockroach zombie (D:5)
  6 kobolds
  A leopard gecko skeleton (D:5)
  6 rats
  A plant (D:3)
150 creatures vanquished.

Notes
Turn   | Place    | Note
-------+----------+-------------------------------------------
     0 | D:1      | Mrkan the Draconian Gladiator began the quest for the Orb.
     0 | D:1      | Reached XP level 1. HP: 17/17 MP: 1/1
    75 | D:1      | Reached XP level 2. HP: 22/25 MP: 2/2
   647 | D:2      | Reached XP level 3. HP: 28/30 MP: 3/3
  1044 | D:2      | Reached skill level 4 in Polearms
  1071 | D:2      | Reached XP level 4. HP: 30/38 MP: 4/4
  1178 | D:2      | Found a hide-covered altar of Uskayaw.
  1222 | D:3      | HP: 1/38 [poisoned by an adder]
  1690 | D:2      | Became a worshipper of Uskayaw the Reveler
  1802 | D:2      | Reached * piety under Uskayaw
  2150 | D:2      | Reached XP level 5. HP: 44/45 MP: 5/5
  2454 | D:3      | Reached ** piety under Uskayaw
  2641 | D:3      | Found an ancient bone altar of Kikubaaqudgha.
  2956 | D:3      | Reached skill level 5 in Polearms
  3332 | D:4      | Reached XP level 6. HP: 21/52 MP: 6/6
  3338 | D:4      | Reached *** piety under Uskayaw
  3383 | D:3      | HP: 2/52 [poisoned by a worker ant]
  3389 | D:3      | HP: 2/52 [poisoned by a worker ant]
  3394 | D:3      | HP: 2/52 [poisoned by a worker ant]
  4193 | D:4      | Reached skill level 1 in Invocations
  4197 | D:4      | Your scales start taking on a golden yellow colour.
  4197 | D:4      | Reached XP level 7. HP: 35/60 MP: 6/8
  4197 | D:4      | Gained mutation: You are resistant to acid. (rCorr) [Yellow
                  | Draconian growth]
  4224 | D:4      | Reached skill level 6 in Polearms
  4535 | D:4      | Found a staircase to the Ecumenical Temple.
  4547 | D:4      | Noticed Eustachio
  4565 | D:4      | Killed Eustachio
  4569 | D:4      | Reached **** piety under Uskayaw
  4575 | D:4      | HP: 3/60 [poisoned by a worker ant]
  5120 | D:5      | Entered Level 5 of the Dungeon
  5231 | D:5      | Reached skill level 5 in Fighting
  5455 | D:5      | Found a glowing golden altar of the Shining One.
  5455 | D:5      | Noticed an angel
  5456 | D:5      | Found a runed translucent door.
  5718 | D:5      | Reached skill level 7 in Polearms
  5718 | D:5      | Reached XP level 8. HP: 26/68 MP: 10/10
  6116 | D:5      | Reached skill level 1 in Shields
  6497 | D:6      | Found a shattered altar of Ashenzari.
  6501 | D:6      | Reached skill level 5 in Dodging
  7031 | D:6      | Noticed Dowan
  7032 | D:6      | Noticed Duvessa
  7044 | D:6      | Killed Duvessa
  7047 | D:6      | Killed Dowan
  7397 | D:7      | HP: 3/70 [orc warrior/+0 short sword (14)]
  7398 | D:7      | Slain by an orc warrior

Levels and vault maps discovered:
D:1:      kennysheep_arrival_forest, layout_loops_ring
D:2:      minmay_roachtagon, layout_loops_ring, eat_drink_and_be_merry_uskayaw,
          chequers_serial_rivers_large_a
D:3:      wad_woods_stonehenge, layout_loops_cross, serial_bayou_pond_d,
          minmay_misc_feat_chi
D:4:      layout_basic, minmay_temple_entry_offerings, first_ration,
          kennysheep_generic_room_12, uniq_eustachio
D:5:      layout_loops_ring, lemuel_angel_altar
D:6:      layout_cave_pools, overflow_temple_1_default, uniq_duvessa
D:7:      layout_rooms, marbit_many_paths, okawaru_trees_1,
          grunt_temple_overflow_open

Skill      XL: |  1  2  3  4  5  6  7  8 |
---------------+-------------------------+-----
Dodging        | 3 4 5 |  5.3
Polearms       | 4 5 7 |  7.9
Fighting       | 3 4 5 |  5.9
Invocations    | 1 2 4 |  4.0
Shields        | 2 |  2.4
Throwing       | |  1.7

Action                   |  1- 3 |  4- 6 |  7- 9 || total
-------------------------+-------+-------+-------++-------
Melee: Trident           |   130 |   230 |   266 ||   626
       Tailslap          |     7 |    37 |    40 ||    84
Invok: Stomp             |       |       |     3 ||     3
 Abil: Breathe Acid      |       |       |     3 ||     3
  Use: Potion            |       |     4 |     1 ||     5
       Scroll            |       |       |    20 ||    20
 Stab: Distracted        |       |     1 |       ||     1
       Paralysed         |       |     2 |    10 ||    12
       Sleeping          |       |       |     2 ||     2
  Eat: Chunk             |     1 |    10 |    10 ||    21
Armor: Skin              |    39 |    36 |    69 ||   144
Dodge: Dodged            |    79 |   137 |   116 ||   332
       Deflected         |       |     3 |     3 ||     6
Block: Shield            |       |       |    52 ||    52
